 Dungeon Crawl Stone Soup version 0.30.1-4-g462c640d31 (webtiles) character file.

Game seed: 10694525627178087495

71 ChiefBigBeans the Shooter (level 4, -1/38 HPs)
             Began as a Minotaur Hunter on Aug 31, 2023.
             Slain by a goblin
             ... wielding a +0 club
             ... led by Robin
              (5 damage)
             ... on level 1 of the Dungeon.
             The game lasted 00:02:03 (918 turns).

ChiefBigBeans the Shooter (Minotaur Hunter)          Turns: 918, Time: 00:02:03

Health: -1/38      AC:  3    Str: 15    XL:     4   Next: 5%
Magic:  3/3        EV: 12    Int:  6    God:
Gold:   21         SH:  0    Dex: 16    Spells: 3/3 levels left

rFire   . . .        a - +0 shortbow
rCold   . . .        (shield currently unavailable)
rNeg    . . .        c - +0 leather armour
rPois   .            (helmet restricted)
rElec   .            (no cloak)
rCorr   .            (no gloves)
SInv    .            (no boots)
Will    .....        (no amulet)
Stlth   ++           (no ring)
HPRegen 0.26/turn    (no ring)
MPRegen 0.08/turn

%: no passive effects
@: slowed, very slow
A: horns 2, retaliatory headbutt
a: no special abilities


You were on level 1 of the Dungeon.
You visited 1 branch of the dungeon, and saw 2 of its levels.

You collected 21 gold pieces.

Inventory:

Hand Weapons
 a - a +0 shortbow (weapon)
Armour
 c - a +0 leather armour (worn)
 f - a +0 plate armour
 g - a +0 scale mail
Scrolls
 b - 2 scrolls of immolation
 e - a scroll of teleportation {unknown}
 h - 3 scrolls of identify {unknown}
 i - a scroll of poison {unknown}
 j - a scroll of fog {unknown}
Potions
 d - 3 potions of curing {unknown}


   Skills:
 + Level 3.3 Fighting
 + Level 4.9 Ranged Weapons
 + Level 1.7 Armour
 + Level 3.1 Dodging
 - Level 1.0 Stealth


You had 3 spell levels left.
You didn't know any spells.
Your spell library was empty.

Dungeon Overview and Level Annotations

Branches:
Dungeon (2/15)

Altars:

Annotations:
D:2 Robin


Innate Abilities, Weirdness & Mutations

You have a pair of horns on your head.
You reflexively headbutt those who attack you in melee.


Message History

You feel agile. The goblin attacks as you move away!
The goblin hits you with a +0 dagger. The rat bites you but does no damage.
The goblin closely misses you. You furiously retaliate!
You headbutt the goblin.
You kill the goblin!
The rat barely misses you. The goblin hits you but does no damage.
Robin roars a battlecry!
The goblins go into a battle-frenzy!
The goblin hits you with a +0 club. The rat bites you but does no damage.
A goblin comes into view. It is wielding a +0 club.
You hear a shout!
The rat attacks as you move away! The rat misses you.
The goblin attacks as you move away! The goblin hits you but does no damage.
The goblin completely misses you.
Robin roars a battlecry!
You hear a shout! x2
Robin throws the goblin at you! The goblin hits you with a +0 club.
The goblin barely misses you. The goblin hits you but does no damage.
The goblin barely misses you.
Robin roars a battlecry!
You hear a shout!
There is an escape hatch in the ceiling here.
The goblin barely misses you. x2; The goblin hits you with a +0 club.
* * * LOW HITPOINT WARNING * * *
The goblin closely misses you. A mysterious force pulls you upwards.
The hatch slams shut behind you.
You are too injured to fight recklessly!
You are too injured to fight recklessly!
You are too injured to fight recklessly!
Fire: a) +0 shortbow
Press: ? - help, Q - select action Shift-Dir - straight line, f - goblin
Aim: a goblin, wielding a +0 club (strong, 56% to hit)
You shoot an arrow. The arrow barely misses the goblin.
The goblin hits you with a +0 club.
* * * LOW HITPOINT WARNING * * *
The goblin hits you with a +0 dagger.
* * * LOW HITPOINT WARNING * * *
The goblin hits you with a +0 club.
You die...

# #.# # #####.#
####.....#
.....##..#########
#.##..#..........###
#.#..##............#
..##....#######....####
.......###.....g......#
.####......####g@..##.#
............# ##.#.##.#
#.###..##.#)####.#.##.#
#.# #))##.............#
#.#
#...#######..#.##.##
..# #.#.# #>.#.....#
###
#.#.#######..####..###
#............# #....#
###.#######.#####..#.#


You could see 2 goblins.

Vanquished Creatures
  Natasha (D:2)
  An adder (D:2)
  2 dart slugs (D:1)
  3 giant cockroaches (D:1)
  6 goblins
  4 hobgoblins (D:1)
  4 jackals (D:1)
  A quokka (D:1)
  2 bats (D:1)
  2 frilled lizards (D:1)
  3 kobolds
  2 rats
31 creatures vanquished.

Notes
Turn   | Place    | Note
-------+----------+-------------------------------------------
     0 | D:1      | ChiefBigBeans the Minotaur Hunter began the quest for the
                  | Orb.
     0 | D:1      | Reached XP level 1. HP: 18/18 MP: 0/0
    44 | D:1      | Reached skill level 1 in Stealth
    89 | D:1      | Reached XP level 2. HP: 25/25 MP: 1/1
   201 | D:1      | Reached skill level 1 in Armour
   398 | D:1      | Reached XP level 3. HP: 31/31 MP: 2/2
   902 | D:2      | Noticed Natasha
   906 | D:2      | Noticed Robin
   907 | D:2      | Killed Natasha
   908 | D:2      | Reached XP level 4. HP: 28/38 MP: 3/3
   918 | D:1      | Slain by a goblin

Illustrated notes

Levels and vault maps discovered:
D:1:      wheals_arrival_shading, layout_loops_ring, minivault_19,
          grunt_decor_resistance, hangedman_decor_push, minmay_pentomino_u2
D:2:      layout_loops_ring, uniq_robin, uniq_natasha, uniq_crazy_yiuf_cottage

Skill      XL: |  1  2  3 |
---------------+----------+-----
Stealth        | 1 |  1.0
Armour         | 1 |  1.7
Fighting       | 3 |  3.3
Dodging        | 3 |  3.1
Ranged Weapons | |  4.9

Action                     |  1- 3 |  4- 6 || total
---------------------------+-------+-------++-------
   Fire: Shortbow          |    75 |     1 ||    76
 Armour: Leather armour    |    10 |     5 ||    15
  Dodge: Dodged            |    19 |     9 ||    28
